 Dungeon Crawl Stone Soup version 0.23-a0-473-gc8aadda (webtiles) character file.

1 tilp the Chiller (level 1, -8/13 HPs)
             Began as a Merfolk Ice Elementalist on Nov 27, 2018.
             Killed from afar by a raiju (15 damage)
             ... with a living lightning
             ... on level 1 of the Abyss.
             The game lasted 00:01:13 (144 turns).

tilp the Chiller (Merfolk Ice Elementalist)          Turns: 144, Time: 00:01:14

Health: -8/13      AC:  3    Str:  8    XL:     1   Next: 20%
Magic:  3/3        EV: 13    Int: 14    God:
Gold:   25         SH:  0    Dex: 14    Spells: 3/4 levels left

rFire    . . .     SeeInvis .   b - +0 spear
rCold    . . .     Gourm    .   (no shield)
rNeg     . . .     Faith    .   a - +0 robe
rPois    .         Spirit   .   (no helmet)
rElec    .         Reflect  .   d - +0 cloak
rCorr    .         Harm     .   (no gloves)
MR       .....                  (no boots)
Stlth    ++........             (no amulet)
HPRegen  0.04/turn              (no ring)
MPRegen  0.08/turn              (no ring)

@: no status effects
A: change form in water, swift swim, stealthy swim
a: no special abilities


You were on level 1 of the Abyss.
You were not hungry.

You visited 1 branch of the dungeon, and saw 1 of its levels.
You visited the Abyss 1 time.

You collected 25 gold pieces.

Inventory:

Hand Weapons
 b - a +0 spear (weapon)
Armour
 a - a +0 robe (worn)
 d - a +0 cloak (worn)
Comestibles
 c - a ration


   Skills:
 - Level 2.6 Dodging
 - Level 2.1 Stealth
 - Level 2.0 Spellcasting
   Level 0.7 Conjurations
 + Level 3.4 Ice Magic


You had 3 spell levels left.
You knew the following spells:

 Your Spells              Type           Power        Failure   Level  Hunger
a - Freeze                Ice            ##..         6%          1    ##.....

Your spell library contained the following spells:

 Spells                   Type           Power        Failure   Level  Hunger
 Throw Frost              Conj/Ice       #.....       16%         2    ###....
 Ozocubu's Armour         Chrm/Ice       #.......     34%         3    ####...
 Throw Icicle             Conj/Ice       #.......     71%         4    #####..
 Summon Ice Beast         Ice/Summ       #.......     75%         4    #####..


Dungeon Overview and Level Annotations

Branches:
Dungeon (1/15)

Altars:


Message History

You finish putting on your +0 cloak.
You now have 25 gold pieces.
A deep elf sorcerer comes into view. It is wielding a +0 dagger.
The deep elf sorcerer moves out of view.
A worldbinder comes into view.
A shadow demon and a raiju come into view.
A revenant comes into view.
The revenant shouts!
The revenant conjures spectral mists around you.
The spectral mist engulfs you!
You are engulfed in spectral mist.
The spectral black mamba misses you.
The spectral black mamba closely misses you.
The shadow demon gestures.
The raiju barks!
The spectral black mamba closely misses you.
The raiju bursts into living lightning!
The living lightning hits you!
Ouch! That really hurt!
You die...

...................§.
...............L...§..
.................§§...
.............Z.......
#......##.Z....##....
.##......##..§§. ## ...
......W................
.....x.25.Z............
.......@Z..............
.......................
.......................
.......................
.##......##..h...##....
#......##......# ...
...............§ ..
......... ..


You could see a shadow demon, a spectral black mamba, a spectral ice dragon, a
spectral storm dragon, a spectral fire giant, a raiju, a small abomination, a
shadow and an ufetubus.

Vanquished Creatures
  A hobgoblin (D:1)
1 creature vanquished.

Notes
Turn   | Place    | Note
-------+----------+-------------------------------------------
     0 | D:1      | tilp the Merfolk Ice Elementalist began the quest for the
                  | Orb.
     0 | D:1      | Reached XP level 1. HP: 13/13 MP: 3/3
    28 | D:1      | Cast into level 1 of the Abyss (a distortion unwield)
    36 | Abyss:1  | Noticed a small abomination
    56 | Abyss:1  | Noticed a worldbinder
    76 | Abyss:1  | Noticed a sixfirhy
   114 | Abyss:1  | Noticed a deep elf sorcerer
   115 | Abyss:1  | Noticed a worldbinder
   134 | Abyss:1  | Noticed a wraith
   135 | Abyss:1  | Noticed a raiju
   135 | Abyss:1  | Noticed a shadow demon
   136 | Abyss:1  | Noticed a revenant
   138 | Abyss:1  | Noticed a spectral fire giant
   138 | Abyss:1  | Noticed a spectral ice dragon
   139 | Abyss:1  | Noticed a spectral black mamba
   141 | Abyss:1  | Noticed a spectral storm dragon
   143 | Abyss:1  | Noticed a shadow
   143 | Abyss:1  | Noticed a small abomination
   144 | Abyss:1  | Killed from afar by a raiju

Vault maps used:
D:1:      dpeg_arrival_erosion, minmay_misc_feat_nine_boxes, minmay_pentomino_x4

Action                   || total
-------------------------++-------
 Cast: Freeze            ||     2
Dodge: Dodged            ||     3

Table legend:
 A = Non-vault XP
 B = Vault XP
 C = Vault XP percentage of total XP
 D = Non-vault monster count
 E = Vault monster count
 F = Vault count percentage of total count
                 A         B        C        D         E       F
            +---------+---------+-------+---------+---------+-------
      Total |       2 |       0 |   0.0 |       1 |       0 |   0.0
            +---------+---------+-------+---------+---------+-------
        D:1 |       2 |       0 |   0.0 |       1 |       0 |   0.0
            +---------+---------+-------+---------+---------+-------
